 Dungeon Crawl Stone Soup version 0.31.0-12-g77e489cdc1 (webtiles) character file.

Game seed: 11868075990371872272

28 spaghetti the Slasher (level 3, 28/28 HPs)
             Began as a Demonspawn Gladiator on Feb 17, 2024.
             Quit the game on level 2 of the Dungeon.
             The game lasted 00:01:14 (1058 turns).

spaghetti the Slasher (Demonspawn Gladiator)        Turns: 1058, Time: 00:01:14

Health: 28/28      AC:  4    Str: 14    XL:     3   Next: 0%
Magic:  3/3        EV: 11    Int: 10    God:
Gold:   12         SH:  4    Dex: 14    Spells: 2/2 levels left

rFire   . . .        k - staff of conjuration
rCold   . . .        h - +0 buckler
rNeg    . . .        b - +0 leather armour
rPois   .            c - +0 helmet
rElec   .            (no cloak)
rCorr   .            (no gloves)
SInv    .            (no boots)
Will    .....        (no amulet)
Stlth   +            f - ring of wizardry
HPRegen 0.24/turn    (no ring)
MPRegen 0.08/turn

%: wizardry (x1)
@: no status effects
A: powered by pain 1
a: no special abilities


You were on level 2 of the Dungeon.
You visited 1 branch of the dungeon, and saw 2 of its levels.

You collected 12 gold pieces.

Inventory:

Hand Weapons
 a - a +0 long sword
Missiles
 d - 3 throwing nets
 e - a javelin
Armour
 b - a +0 leather armour (worn)
 c - a +0 helmet (worn)
 h - a +0 buckler (worn)
Magical Staves
 k - a staff of conjuration (weapon)
Jewellery
 f - a ring of wizardry (left hand)
Scrolls
 g - 4 scrolls of poison {unknown}
Potions
 i - a potion of enlightenment {unknown}
 j - a potion of attraction {unknown}


   Skills:
 + Level 2.6 Fighting
 - Level 3.1 Long Blades
 + Level 0.0 Staves
 - Level 2.3 Throwing
 - Level 2.6 Dodging


You had 2 spell levels left.
You didn't know any spells.
Your spell library was empty.

Dungeon Overview and Level Annotations

Branches:
Dungeon (2/15)

Altars:


Innate Abilities, Weirdness & Mutations

You sometimes gain a little power by taking damage.


Message History

You hit the bat.
You kill the bat!
The giant cockroach closely misses you.
You slash the giant cockroach!
You kill the giant cockroach!
No target in view!
No target in view!
No target in view!
No target in view!
No target in view!
No target in view!
No target in view!
No target in view!
No target in view!
No target in view!
No target in view!
No target in view!
No target in view!
No target in view!
No target in view!
Found a ring mail.
You see here a bat corpse.
You see here a staff of conjuration.
k - a staff of conjuration
k - a staff of conjuration (weapon)
A giant cockroach comes into view.
You see here a +0 ring mail.
A giant cockroach is nearby!
A giant cockroach is nearby!
You hit the giant cockroach but do no damage.
The giant cockroach bites you but does no damage.
You hit the giant cockroach.
You kill the giant cockroach!
You have reached level 3!
Your experience leads to an increase in your attributes!
Increase (S)trength, (I)ntelligence, or (D)exterity?
You feel clever. x2
Your library has no spells.
Unknown command.
Are you sure you want to abandon this character and quit the game? (Confirm with "yes".)

. .. #. ###.
#.## #..
...##.# #..#.#
###...#
###..†..#
##.###.#<#
#†@[#...)#
#.....#..†#..#
##.#.###.###.#
# #. ### (.# .
#.# #. ... #
.## #


There were no monsters in sight!

Vanquished Creatures
  2 ball pythons (D:1)
  4 bats
  3 endoplasms (D:1)
  2 giant cockroaches (D:2)
  3 kobolds (D:1)
  2 quokkas (D:1)
  3 frilled lizards (D:1)
  4 goblins
  2 rats (D:1)
25 creatures vanquished.

Notes
Turn   | Place    | Note
-------+----------+-------------------------------------------
     0 | D:1      | spaghetti the Demonspawn Gladiator began the quest for the
                  | Orb.
     0 | D:1      | Reached XP level 1. HP: 16/16 MP: 1/1
   305 | D:1      | Gained mutation: You sometimes gain a little power by
                  | taking damage. [demonic ancestry]
   305 | D:1      | Reached XP level 2. HP: 22/22 MP: 2/2
   467 | D:1      | Reached skill level 3 in Long Blades
  1058 | D:2      | Reached XP level 3. HP: 28/28 MP: 3/3
  1058 | D:2      | Quit the game

Illustrated notes

Levels and vault maps discovered:
D:1:      mainiacjoe_arrival_reflecting_pool, layout_basic
D:2:      layout_loops_ring, basic_altar, minmay_between, uniq_jessica,
          uniq_robin

Skill      XL: |  1  2 |
---------------+-------+-----
Throwing       | 2 |  2.3
Long Blades    | 3 |  3.1
Fighting       | |  2.6
Dodging        | |  2.6

Action                     || total
---------------------------++-------
  Melee: Long sword        ||    60
         Staff             ||     2
 Armour: Leather armour    ||    49
  Dodge: Dodged            ||    34
  Block: Buckler           ||     4
